 Dungeon Crawl Stone Soup version 0.13-a0-1502-g99810c3 (webtiles) character file.

243 Kae the Cudgeler (level 4, -2/43 HPs)
             Began as a Deep Dwarf Berserker on June 8, 2013.
             Was a Believer of Trog.
             Slain by a gnoll
             ... wielding a +0,+0 spear
              (8 damage)
             ... on Level 3 of the Dungeon.
             The game lasted 00:01:36 (1372 turns).

Kae the Cudgeler (Deep Dwarf Berserker)             Turns: 1372, Time: 00:01:36

HP  -2/43        AC  2     Str 21      XL: 4   Next: 32%
MP   3/3         EV 13     Int  8      God: Trog [**....]
Gold 153         SH  0     Dex 12      Spells:  0 memorised,  3 levels left

Res.Fire  : . . .   See Invis. : .   a - +0 dwarf mace
Res.Cold  : . . .   Warding    : .   b - +0 animal skin
Life Prot.: . . .   Conserve   : .   (no shield)
Res.Poison: .       Res.Corr.  : .   (no helmet)
Res.Elec. : .       Clarity    : .   (no cloak)
Sust.Abil.: . .     Spirit.Shd : .   (no gloves)
Res.Mut.  : .       Stasis     : .   (no boots)
Res.Rott. : .       Flight     : .   (no amulet)
Saprovore : . . .                    (no ring)
                                     (no ring)

@: non-regenerating, slightly resistant to hostile enchantments, unstealthy
A: damage resistance, recharge devices, sense surroundings 1, slow healing 3
a: Device Recharging, Burn Spellbooks, Berserk, Trog's Hand, Renounce Religion


You were on level 3 of the Dungeon.
You worshipped Trog.
Trog was most pleased with you.
You were very hungry.

You visited 1 branch of the dungeon, and saw 3 of its levels.

You collected 133 gold pieces.

Inventory:

Hand weapons
 a - a +0,+0 dwarven mace (weapon)
Armour
 b - a +0 animal skin (worn)
Magical devices
 c - a wand of heal wounds (4)
Comestibles
 d - 2 bread rations
 h - 2 pears
 j - 3 meat rations
 o - an apple
Scrolls
 e - 2 scrolls of remove curse {unknown}
 f - a scroll of teleportation {unknown}
 l - a scroll of curse armour {unknown}
 m - a scroll of curse weapon {unknown}
 n - a scroll of random uselessness {unknown}
 p - a scroll of curse jewellery {unknown}
Jewellery
 i - an uncursed ring of sustenance {unknown}
Potions
 g - 2 potions of might {unknown}
 k - 2 potions of curing {unknown}


   Skills:
 + Level 3.1 Fighting
 + Level 3.8 Maces & Flails
 + Level 2.3 Armour
 + Level 3.4 Dodging
 + Level 0.3 Stealth
 + Level 0.9 Traps


You had 3 spell levels left.
You didn't know any spells.

Dungeon Overview and Level Annotations

Branches:
Dungeon (3/27)

Altars:


Innate Abilities, Weirdness & Mutations

You are resistant to damage.
You can recharge devices by infusing magical energy.
You passively map a small area around you.
You do not heal naturally.


Message History

You sock the giant gecko!
You kill the giant gecko!
Trog accepts your kill.
You are feeling very hungry.
The gnoll hits you from afar with a spear.
* * * LOW HITPOINT WARNING * * *
The gnoll barely misses you.
Use which ability? (? or * to list) You're too hungry to go berserk.
Unknown command.
You closely miss the gnoll.
The gnoll hits you from afar with a spear!
* * * LOW HITPOINT WARNING * * *
The gnoll hits you but does no damage.
You sock the gnoll!
The gnoll is almost dead.
Your skin stops crawling.
You feel less resistant to hostile enchantments.
The gnoll hits you from afar with a spear!
You die...

######* * ###*##....
, ,....#....#
####.#...#.##* ,
.......gg...# ,,
####....#g#%#
.....#.#@#.#####.# *
#### #.#.#.......# ..
, #.#.#.####### ##...
#.#.#.## ...# . ,
#.#.#..# ...##..
#..>...# #...... ,
#.###.#..# ##..# .##
#........#
....#,....,####..#.##


You could see 2 gnolls.

Vanquished Creatures
  3 adders (D:2)
  A gnoll (D:3)
  A giant mite (D:2)
  2 giant geckos
  2 giant cockroaches
  5 goblins
  5 hobgoblins
  A jackal (D:1)
  5 kobolds
  A quokka (D:2)
  6 bats
  3 giant newts
  5 rats
40 creatures vanquished.

Notes
Turn   | Place    | Note
--------------------------------------------------------------
     0 | D:1      | Kae, the Deep Dwarf Berserker, began the quest for the Orb.
     0 | D:1      | Reached XP level 1. HP: 21/21 MP: 0/0
   181 | D:1      | Reached XP level 2. HP: 21/28 MP: 1/1
   561 | D:2      | Acquired Trog's second power
   606 | D:2      | Reached XP level 3. HP: 12/36 MP: 2/2
   960 | D:2      | Reached XP level 4. HP: 35/43 MP: 3/3
  1359 | D:3      | HP: 1/43 [gnoll/spear (6)]
  1372 | D:3      | Slain by a gnoll

Action                   |  1- 3 |  4- 6 || total
-------------------------+-------+-------++-------
Melee: Mace              |    79 |    47 ||   126
Invok: Trog's Hand       |     2 |     1 ||     3
Evoke: Wand              |       |     1 ||     1
 Stab: Sleeping          |     1 |       ||     1
